AoeStats
← YooLu

Arena

504446150Analyzed
3v3 RM · 27d ago on Sep 5, 2026· 22m 54s· 6 players
Game mode
Random Map
Map size
Normal (6 player)
Population
200
Speed
Normal
Resources
Standard
Victory
Conquest
Starting age
Dark Age
Ending age
Imperial Age
RankedLock teamsTeams togetherTeam positionsShared explorationLock speedFull tech treeHidden civsTurbo modeCheats
Victory
Defeat
🇦🇺 Chinese · Australia
1061
+18
🇦🇺 Japanese · Australia
1003
+20
🇷🇺 Burgundians · Russia
991
+21
🇹🇼 Wei · Taiwan
1160
-53
🇹🇼 Teutons · Taiwan
1129
-21
🇹🇼 Persians · Taiwan
1000
-48
YooLu
10:12 Feudal Age
8:27 Loom
14:57 Castle Age
12:55 Double-Bit Axe
15:17 Horse Collar
21:00 Wheelbarrow
20:08 Pikeman
21:21 Bow Saw
21:49 Gold Mining
謙謙謙謙謙
9:38 Feudal Age
10:05 Horse Collar
10:11 Double-Bit Axe
10:17 Gold Mining
10:25 Loom
16:25 Castle Age
18:00 Bow Saw
18:27 Heavy Plow
19:47 Stone Mining
20:37 Wheelbarrow
20:31 Fervor
shagods
5:51 Loom
9:59 Feudal Age
14:12 Double-Bit Axe
16:57 Castle Age
18:25 Gold Mining
18:52 Husbandry
20:32 Scale Barding Armor
21:35 Bow Saw
Irri
0:40 Loom
10:59 Feudal Age
11:52 Double-Bit Axe
18:10 Castle Age
16:44 Horse Collar
16:56 Gold Mining
20:18 Wheelbarrow
TheSpider007917
6:53 Loom
10:50 Feudal Age
12:12 Double-Bit Axe
17:36 Castle Age
15:38 Fletching
15:49 Scale Mail Armor
15:34 Horse Collar
16:06 Stone Mining
16:26 Arson
18:43 Squires
18:29 Gambesons
18:58 Man-at-Arms
22:38 Long Swordsman
FinnMaccool
5:13 Double-Bit Axe
8:40 Horse Collar
12:01 Feudal Age
16:27 Castle Age
16:07 Bow Saw
16:00 Heavy Plow
15:52 Gold Mining
17:41 Wheelbarrow
16:53 Loom
18:48 Two-Man Saw
20:50 Husbandry
22:11 Gold Shaft Mining
22:39 Cavalier
Connection lost

Rejoining the realm…

Still unreachable

The connection could not be restored.

Session expired

The server has moved on; the page needs a fresh start.